 Dungeon Crawl Stone Soup version 0.29-a0-284-gf9362112df (webtiles) character file.

Game seed: 6676578249654287285

33897 Zonian the Severer (level 13, -2/126 HPs)
             Began as a Hill Orc Fighter on Mar 29, 2022.
             Was a Believer of Beogh.
             Slain by a meliai
             ... wielding a +0 war axe
              (9 damage)
             ... on level 4 of the Lair of Beasts.
             The game lasted 00:44:03 (26885 turns).

Zonian the Severer (Hill Orc Fighter)              Turns: 26885, Time: 00:44:04

Health: -2/126     AC: 10    Str: 20    XL:     13   Next: 73%
Magic:  0/22       EV: 10    Int: 14    God:    Beogh [**....]
Gold:   684        SH:  5    Dex: 14    Spells: 9/12 levels left

rFire   . . .      SeeInvis .   G - +5 war axe
rCold   . . .      Faith    .   c - +0 buckler
rNeg    . . .      Spirit   +   D - +2 leather armour {rPois}
rPois   +          Reflect  .   (no helmet)
rElec   .          Harm     .   F - +1 cloak {Stlth+}
rCorr   .          Rampage  .   (no gloves)
Will    .....                   l - +0 pair of boots
Stlth   ++........              B - amulet of guardian spirit
HPRegen 0.31/turn               E - +6 ring of intelligence
MPRegen 0.18/turn               N - ring of wizardry

@: no status effects
A: no striking features
a: Renounce Religion, Smiting


You were on level 4 of the Lair of Beasts.
You worshipped Beogh.
Beogh was pleased with you.
You visited 2 branches of the dungeon, and saw 13 of its levels.
You also visited: Bailey.

You collected 930 gold pieces.
You spent 246 gold pieces at shops.

Inventory:

Hand Weapons
 a - a +2 war axe
 d - the +2 hand crossbow of Disarray {vorpal, Will+ rCorr Dex+2}
   (You bought it in a shop on level 6 of the Dungeon)

   Any ammunition fired from it inflicts extra damage upon your enemies.
   Dex:       It affects your dexterity (+2).
   rCorr:     It protects you from acid and corrosion.
   Will:      It increases your willpower.
 f - a +0 short sword of speed
 j - a +0 dagger of venom
 y - a +2 whip of flaming
 A - a +5 whip
 G - a +5 war axe (weapon)
 H - a +2 morningstar
 O - a +0 vorpal falchion
 T - a +1 demon whip of venom
Missiles
 h - 15 poisoned darts
 p - 9 javelins (quivered)
Armour
 b - a +0 scale mail
 c - a +0 buckler (worn)
 i - a +0 cloak
 l - a +0 pair of boots (worn)
 D - a +2 leather armour of poison resistance (worn)
 F - a +1 cloak of stealth (worn)
Jewellery
 B - an amulet of guardian spirit (around neck)
 E - a +6 ring of intelligence (left hand)
 N - a ring of wizardry (right hand)
 S - a ring of willpower
 V - a ring of ice
Wands
 r - a wand of digging (6)
 s - a wand of polymorph (14)
 t - a wand of iceblast (11)
 u - a wand of flame (57)
 C - a wand of mindburst (29)
Scrolls
 g - 2 scrolls of fog
 n - 2 scrolls of identify
 q - 2 scrolls of teleportation
 x - 2 scrolls of vulnerability
 P - a scroll of magic mapping
 R - a scroll of blinking
 U - 3 scrolls of holy word
Potions
 e - a potion of flight
 m - 2 potions of curing
 o - 2 potions of magic
 v - a potion of might
 w - a potion of brilliance
 z - a potion of haste
 I - a potion of attraction
 M - a potion of mutation
 Q - a potion of invisibility
Miscellaneous
 J - a lightning rod (2/4)
 K - a tin of tremorstones (1/2)


   Skills:
 + Level 15.0 Fighting
 - Level 15.6(15.8) Axes
 + Level 3.0(9.1) Maces & Flails
 - Level 10.3 Armour
 - Level 4.1 Shields
 + Level 4.4 Conjurations
 + Level 4.5 Earth Magic
 + Level 12.5 Invocations
 + Level 5.4 Evocations


You had 9 spell levels left.
You knew the following spells:

 Your Spells              Type           Power      Damage    Failure   Level
a - Stone Arrow           Conj/Erth      24%        3d8       9%          3

Your spell library contained the following spells:

 Spells                   Type           Power      Damage    Failure   Level
 Sandblast                Erth           24%        2d8       2%          1
 Passwall                 Tmut/Erth      5%         N/A       11%         2
 Animate Skeleton         Necr           0%         N/A       16%         1
 Pain                     Necr           0%         1d4       16%         1
 Blink                    Tloc           0%         N/A       26%         2
 Frozen Ramparts          Ice            0%         1d2       43%         3
 Lesser Beckoning         Tloc           0%         N/A       43%         3
 Ozocubu's Armour         Ice            0%         N/A       43%         3
 Summon Guardian Golem    Hex/Summ       0%         N/A       43%         3
 Vampiric Draining        Necr           0%         2d6       43%         3
 Ice Form                 Ice/Tmut       0%         N/A       82%         4
 Summon Ice Beast         Ice/Summ       0%         N/A       82%         4
 Manifold Assault         Tloc           0%         N/A       98%         5
 Metabolic Englaciation   Hex/Ice        0%         N/A       98%         5
 Simulacrum               Ice/Necr       0%         N/A       100%        6
 Orb of Destruction       Conj           6%         9d6       100%        7
 Spellforged Servitor     Conj/Summ      3%         N/A       100%        7


Dungeon Overview and Level Annotations

Branches:
Dungeon (9/15)             Temple (0/1) D:4            Lair (4/6) D:9
 Shoals (0/4) Lair:3       Spider (0/4) Lair:2       Bailey (visited)
    Orc: D:9-12

Altars:
Ashenzari
Cheibriados
Elyvilon
Fedhas
Makhleb
Okawaru
Yredelemnul
The Shining One

Shops:
D:6 (


Message History

Aiming: Mindburst
Press: ? - help, Shift-Dir - straight line, f - you That would be overly suicidal.
Okay, then.
The meliai buzzes angrily.
You hear an angry buzzing noise.
Unknown command.
Aiming: Mindburst
Press: ? - help, Shift-Dir - straight line, f - meliai
Aim: a meliai, wielding a +0 broad axe and wearing a +0 robe (chance to affect: 83%)
The meliai's mind is blasted!
The meliai invokes the aid of its god against you.
Something smites you!
* * * LOW HITPOINT WARNING * * *
Aiming: Mindburst
Press: ? - help, Shift-Dir - straight line, f/p - meliai
Aim: a meliai, wielding a +0 broad axe and wearing a +0 robe (heavily wounded, chance to affect: 83%)
The meliai's mind is blasted!!
You blow up the meliai!
Beogh accepts your kill.
Beogh appreciates your killing of a heretic priest.
Unknown command.
You start resting.
A meliai comes into view. It is wielding a +0 war axe.
A meliai is nearby!
Unknown command.
Aiming: Mindburst
Press: ? - help, Shift-Dir - straight line, f - meliai
Aim: a meliai, wielding a +0 war axe and wearing a +0 robe (chance to affect: 83%)
The meliai barely resists.
The meliai calls down the wrath of its god upon you.
Something smites you!
* * * LOW HITPOINT WARNING * * *
Aiming: Mindburst
Press: ? - help, Shift-Dir - straight line, f/p - meliai
Aim: a meliai, wielding a +0 war axe and wearing a +0 robe (chance to affect: 83%)
The meliai's mind is blasted!
The meliai hits you with a +0 war axe!
* * * LOW HITPOINT WARNING * * *
The meliai stings you but does no damage.
The meliai hits you with a +0 war axe!
You die...

#..$#####.....#
#.....#y...###
#.......#####
###...8........
#......y†.#####
#...8...8.#
##........##
####.#...8....#
##@##.........##
#.y##......#...#
#.#.....##..#...#
#....8..##..##....#
##.#.)##.#.#. #....
#..##.. #.# ## ..
#.. ..#. .#
#........ # ##.....
.#


You could see a meliai.

Vanquished Creatures
  A minotaur (Lair:1)
  Fannar (Lair:3)
  2 hydras
  2 two-headed ogres (D:9)
  4 death yaks
  Amaemon (Lair:3)
  A lindwurm (Lair:4)
  A cyclops (D:9)
  8 elephants
  2 merfolk sirens (Lair:3)
  3 black mambas
  Maurice (D:8)
  An orange demon (Lair:3)
  8 cane toads
  A kobold demonologist (D:8)
  A rime drake (Lair:4)
  7 komodo dragons
  2 merfolk (Lair:3)
  3 polar bears
  2 meliai (Lair:4)
  Prince Ribbit (D:8)
  14 blink frogs
  A culicivora (Lair:2)
  2 wraiths (D:9)
  3 wyverns (D:9)
  16 yaks
  2 basilisks
  Duvessa (D:6)
  9 water moccasins
  10 orc warriors
  7 sky beasts
  An ice beast (D:6)
  2 black bears
  5 wolves (Lair:2)
  An ogre (D:5)
  5 centaurs
  2 phantoms
  8 bullfrogs
  A necrophage (D:5)
  4 scorpions
  7 wights
  Dowan (D:6)
  4 killer bees (D:9)
  3 howler monkeys
  A hound (D:5)
  4 jellies
  7 orc priests
  5 iguanas
  An orc wizard (D:9)
  10 adders
  2 shadow imps
  3 white imps (D:7)
  An ufetubus (D:6)
  2 dart slugs
  28 orcs
  6 ball pythons
  A bat (D:3)
  6 endoplasms
  A giant cockroach (D:1)
  5 hobgoblins
  A jackal (D:3)
  3 quokkas
  2 frilled lizards
  5 goblins
  5 kobolds
  3 rats
264 creatures vanquished.

Vanquished Creatures (others)
  An orc (D:3)
  2 hobgoblins (D:3)
  3 jackals (D:3)
  A kobold (D:3)
  27 fungi
  28 plants
62 creatures vanquished.

Grand Total: 326 creatures vanquished

Notes
Turn   | Place    | Note
-------+----------+-------------------------------------------
     0 | D:1      | Zonian the Hill Orc Fighter began the quest for the Orb.
     0 | D:1      | Reached XP level 1. HP: 19/19 MP: 1/1
   279 | D:1      | Reached XP level 2. HP: 27/27 MP: 2/2
   343 | D:1      | Found a faded altar of an unknown god.
   858 | D:2      | Found a snail-covered altar of Cheibriados.
   967 | D:2      | Reached XP level 3. HP: 33/33 MP: 3/3
  2052 | D:3      | Reached XP level 4. HP: 40/40 MP: 4/4
  2224 | D:3      | Became a worshipper of Beogh the Brigand
  2252 | D:3      | Reached XP level 5. HP: 6/47 MP: 5/5
  2933 | D:3      | Found a broken altar of Ashenzari.
  3339 | D:4      | Found a staircase to the Ecumenical Temple.
  4440 | D:5      | Entered Level 5 of the Dungeon
  4453 | D:5      | Reached skill level 1 in Invocations
  4514 | D:5      | Noticed an ogre
  4527 | D:5      | Reached skill level 5 in Fighting
  4527 | D:5      | Reached XP level 6. HP: 49/56 MP: 7/7
  4528 | D:5      | Reached skill level 5 in Axes
  4605 | D:5      | Found a large runed translucent door.
  4610 | D:5      | Found a large runed translucent door.
  4621 | D:5      | Found a burning altar of Makhleb.
  4687 | D:5      | Found an iron altar of Okawaru.
  4814 | D:5      | Reached skill level 5 in Armour
  4814 | D:5      | Reached XP level 7. HP: 40/61 MP: 9/9
  5647 | D:5      | Reached * piety under Beogh
  5766 | D:6      | Reached XP level 8. HP: 61/71 MP: 11/11
  6061 | D:6      | Reached skill level 5 in Invocations
  6841 | D:6      | Noticed Duvessa
  6841 | D:6      | Noticed Dowan
  6849 | D:6      | Killed Duvessa
  6850 | D:6      | Reached XP level 9. HP: 75/80 MP: 13/13
  6860 | D:6      | Killed Dowan
  7209 | D:6      | Found Ympydeast's Antique Weapon Emporium.
  7212 | D:6      | Bought an ichor-stained hand crossbow for 246 gold pieces
  7212 | D:6      | Identified the +2 hand crossbow of Disarray {vorpal, Will+
                  | rCorr Dex+2} (You bought it in a shop on level 6 of the
                  | Dungeon)
  8283 | D:6      | Found a glowing golden altar of the Shining One.
  8292 | D:6      | Found a white marble altar of Elyvilon.
  9736 | D:7      | Reached ** piety under Beogh
 10432 | D:8      | Found a flagged portal.
 10480 | Bailey   | Entered a bailey
 11891 | Bailey   | Reached XP level 10. HP: 64/91 MP: 12/16
 12112 | Bailey   | Found a roughly hewn altar of Beogh.
 12112 | Bailey   | Noticed an orc knight
 12122 | D:8      | Reached XP level 11. HP: 62/105 MP: 17/17
 12343 | D:8      | Noticed Prince Ribbit
 12401 | D:8      | Killed Prince Ribbit
 12918 | D:8      | Found a blossoming altar of Fedhas.
 12919 | D:8      | Found a basalt altar of Yredelemnul.
 13106 | D:8      | Noticed Maurice
 13119 | D:8      | Killed Maurice
 13656 | D:9      | Noticed a two-headed ogre
 13664 | D:9      | Killed a two-headed ogre
 14421 | D:9      | Noticed a two-headed ogre
 14816 | D:9      | Noticed a brown ugly thing
 15455 | D:9      | Found a staircase to the Lair.
 16112 | D:9      | Noticed a cyclops
 16131 | D:9      | Killed a cyclops
 16538 | D:9      | Killed a two-headed ogre
 16539 | D:9      | Reached skill level 10 in Invocations
 16779 | Lair:1   | Entered Level 1 of the Lair of Beasts
 17234 | Lair:1   | Reached XP level 12. HP: 91/116 MP: 17/19
 17418 | Lair:1   | Noticed a seven-headed hydra
 17784 | Lair:1   | Reached skill level 1 in Evocations
 17834 | Lair:1   | Killed a seven-headed hydra
 17835 | Lair:1   | Reached skill level 10 in Armour
 18198 | Lair:1   | Found a runed translucent door.
 18300 | Lair:1   | Noticed a minotaur
 18316 | Lair:1   | Killed a minotaur
 20042 | Lair:2   | Reached skill level 15 in Axes
 20104 | Lair:2   | Learned a level 3 spell: Stone Arrow
 20462 | Lair:2   | Noticed a death yak
 20488 | Lair:2   | Killed a death yak
 20493 | Lair:2   | Reached skill level 1 in Earth Magic
 20541 | Lair:2   | Reached skill level 1 in Conjurations
 21146 | Lair:2   | Noticed a death yak
 21150 | Lair:2   | Noticed a death yak
 21166 | Lair:2   | Noticed a death yak
 21170 | Lair:2   | Killed a death yak
 21463 | Lair:1   | Killed a death yak
 21795 | Lair:2   | Killed a death yak
 21935 | Lair:2   | Found a hole to the Spider Nest.
 22875 | Lair:3   | Reached XP level 13. HP: 120/125 MP: 19/21
 23127 | Lair:3   | Found a staircase to the Shoals.
 23580 | Lair:3   | Noticed Amaemon
 23586 | Lair:3   | Killed Amaemon
 24352 | Lair:3   | Noticed Fannar
 24537 | Lair:3   | Killed Fannar
 24538 | Lair:3   | Reached skill level 1 in Maces & Flails
 25878 | Lair:4   | Reached skill level 5 in Evocations
 26743 | Lair:4   | Reached skill level 15 in Fighting
 26758 | Lair:4   | HP: 9/189 [blink frog (10)]
 26885 | Lair:4   | Slain by a meliai

Illustrated notes

Levels and vault maps discovered:
D:1:      lemuel_arrival_river_ford, layout_loops_ring,
          hellmonk_ecumenical_altar_pennies_from_heaven, serial_bayou_lagoon_b
D:2:      layout_loops_ring, basic_altar
D:3:      layout_loops_ring, evilmike_ruin_ashenzari
D:4:      layout_cave_pods, minmay_temple_entry_mist
D:5:      layout_loops_cross, jmf_multi_god_temple2
D:6:      minmay_razor_zed, layout_loops_ring, mainiacjoe_overflow_swirl,
          serial_shops, kennysheep_mini_moat, uniq_duvessa
D:7:      layout_loops_ring, kennysheep_donut,
          nicolae_concentric_dashed_squares_mild, fountainhead
D:8:      layout_basic, mainiacjoe_overflow_divided_tiny, enter_bailey_4,
          uniq_maurice, uniq_prince_ribbit1
D:9:      nzn_winding_woodlands_stair_cross
          [nzn_winding_woodlands_5x15_split_checker,
          nzn_winding_woodlands_center_diamonds,
          nzn_winding_woodlands_5x15_twine,
          nzn_winding_woodlands_5x5_checkerboard,
          nzn_winding_woodlands_5x5_default, nzn_winding_woodlands_5x15_eye,
          nzn_winding_woodlands_center_garden, nzn_winding_woodlands_5x15_pool],
          layout_cave_pods, hangedman_decor_points
Lair:1:   dreamdust_labyrinth, layout_chaotic_city, infiniplex_staircase_pool_2,
          grunt_megastairs_2
Lair:2:   layout_regular_city, spider_nest_entry_funnel_web
Lair:3:   layout_loops_ring, elwin_shoals_entry_stream, grunt_megastairs_3,
          lemuel_fruit_tree, uniq_fannar, uniq_amaemon
Lair:4:   layout_cave_pods, special_room [special_room_bee], st_stairs_13,
          grunt_megastairs_4, serial_bayou_shore_b, uniq_rupert, uniq_nessos

Skill      XL: |  1  2  3  4  5  6  7  8  9 10 11 12 13 |
---------------+----------------------------------------+-----
Axes           | 3 4 5 6 7 9 13 14 15 | 15.6
Fighting       | 4 5 6 7 9 12 13 14 15 | 15.0
Armour         | 4 5 7 8 9 10 | 10.3
Shields        | 4 |  4.1
Invocations    | 2 3 4 6 8 10 11 12 | 12.5
Evocations     | 4 5 |  5.4
Earth Magic    | 2 4 |  4.5
Conjurations   | 2 4 |  4.4
Maces & Flails | 3 |  3.0

Action                   |  1- 3 |  4- 6 |  7- 9 | 10-12 | 13-15 || total
-------------------------+-------+-------+-------+-------+-------++-------
Melee: War axe           |    69 |    85 |   325 |   474 |   162 ||  1115
       Morningstar       |       |       |       |     3 |       ||     3
       Demon whip        |       |       |       |       |   104 ||   104
 Fire: Hand crossbow     |       |       |    19 |       |       ||    19
Throw: Javelin           |       |       |     3 |     3 |       ||     6
       Throwing net      |       |       |       |     1 |       ||     1
Invok: Convert to Beogh  |       |     1 |       |       |       ||     1
       Smiting           |       |       |     1 |     8 |     9 ||    18
Evoke: Wand              |       |       |       |     9 |    11 ||    20
       Lightning rod     |       |       |       |     3 |     3 ||     6
       Tin of tremorston |       |       |       |       |     1 ||     1
  Use: Potion            |       |     4 |     3 |     3 |     2 ||    12
       Scroll            |       |     9 |     8 |     8 |     2 ||    27
 Stab: Distracted        |       |       |       |     1 |     1 ||     2
       Held in net/web   |       |       |       |     2 |       ||     2
       Sleeping          |       |       |       |     1 |     1 ||     2
Armor: Scale mail        |    29 |    25 |   177 |     8 |       ||   239
       Skin              |       |       |     2 |       |       ||     2
       Leather armour    |       |       |       |   113 |   118 ||   231
Dodge: Dodged            |    30 |    39 |   130 |   161 |   118 ||   478
Block: Buckler           |    14 |    12 |    75 |    87 |    66 ||   254

Table legend: (Time is in decaauts)
 A = Elapsed time spent in this place.
 B = Non-inter-level travel time spent in this place.
 C = Inter-level travel time spent in this place.
 D = Time resting spent in this place.
 E = Time spent auto-exploring this place.
 F = Levels seen in this place.
 G = Mean time per level.
                   A        B        C        D        E       F      G
               +--------+--------+--------+--------+--------+-----+--------+
         Total |  26897 |  26514 |    383 |  13489 |   9349 |  14 | 1921.2 |
       Dungeon |  15293 |  15048 |    245 |   5891 |   7168 |   9 | 1699.2 |
          Lair |   9953 |   9816 |    137 |   6160 |   2180 |   4 | 2488.2 |
        Bailey |   1650 |   1650 |      0 |   1438 |      1 |   1 | 1650.0 |
               +--------+--------+--------+--------+--------+-----+--------+

Top non-repeatable levels by time:
  Lair:1: 3278 daAuts
     D:6: 3070 daAuts
  Lair:3: 3042 daAuts
  Lair:2: 2613 daAuts
     D:9: 2476 daAuts
     D:8: 2404 daAuts
  Bailey: 1650 daAuts
     D:7: 1586 daAuts
     D:3: 1366 daAuts
     D:5: 1243 daAuts
     D:4: 1144 daAuts
     D:2: 1105 daAuts
  Lair:4: 1018 daAuts
     D:1: 895 daAuts
